AAA EAST
JACKSONVILLE JUMBO SHRIMP @ BUFFALO BISONS
08/08/2041
 
TOP OF THE 1ST
Jacksonville Jumbo Shrimp batting - Pitching for Buffalo Bisons : RHP Robbie Good
Pitching: RHP Robbie Good
Batting: RHB Sean Davidson 0-0: Ground out 6-3 (Groundball, 6, EV 99.4 MPH)
Batting: LHB Jerry López 0-0: Ball
1-0: Ball
2-0: Fly out, F9 (Flyball, 9, EV 81.3 MPH)
Batting: LHB Danny King 0-0: Ball
1-0: Ball
2-0: Foul Ball, location: 7LDF
2-1: Ball
3-1: SINGLE (Line Drive, 56D, EV 106.3 MPH)
Batting: LHB Juan Novoa 0-0: Ball
1-0: Ball
2-0: Foul Ball, location: 2F
2-1: Called Strike
2-2: Strikes out swinging
Top of the 1st over - 0 runs, 1 hit, 0 errors, 1 left on base; Jacksonville 0 - Buffalo 0
BOTTOM OF THE 1ST
Buffalo Bisons batting - Pitching for Jacksonville Jumbo Shrimp : RHP Ken Richards
Pitching: RHP Ken Richards
Batting: LHB Jeremy Young 0-0: Ball
1-0: Ball
2-0: Called Strike
2-1: Ball
3-1: Base on Balls
Batting: RHB Doug Dixon 0-0: Called Strike
0-1: Ball
1-1: Sac Bunt to 25 - play at first, batter OUT! 5-3
Jeremy Young to second
Batting: LHB Mike Deal 0-0: Ball
1-0: Foul Ball, location: 3FF
1-1: Foul Ball, location: 3F
1-2: Ball
2-2: Fly out, F9 (Flyball, 9D, EV 110.6 MPH)
Runner from 2nd tags up, SAFE at 3rd, no throw by RF
Batting: RHB José Valadez 0-0: Swinging Strike
0-1: Swinging Strike
0-2: Ball
1-2: Strikes out swinging
Bottom of the 1st over - 0 runs, 0 hits, 0 errors, 1 left on base; Jacksonville 0 - Buffalo 0
TOP OF THE 2ND
Jacksonville Jumbo Shrimp batting - Pitching for Buffalo Bisons : RHP Robbie Good
Batting: RHB Kel Mearns 0-0: Foul Ball, location: 23F
0-1: Foul Ball, location: 2F
0-2: Foul Ball, location: 2F
0-2: Ball
1-2: Fly out, F4 (Popup, 23, EV 80.6 MPH)
Batting: RHB Danny Crowley 0-0: Ball
1-0: Foul Ball, location: 9LMF
1-1: Ground out 5-3 (Groundball, 56, EV 97.5 MPH)
Batting: RHB Doug Miller 0-0: Ground out 2-3 (Groundball, 2R, EV 76.3 MPH)
Top of the 2nd over - 0 runs, 0 hits, 0 errors, 0 left on base; Jacksonville 0 - Buffalo 0
BOTTOM OF THE 2ND
Buffalo Bisons batting - Pitching for Jacksonville Jumbo Shrimp : RHP Ken Richards
Batting: SHB Dan Tutt 0-0: Ball
1-0: Ball
2-0: Ball
3-0: Base on Balls
Batting: RHB Raúl Ramírez 0-0: Ball
Dan Tutt is caught stealing 2nd base 2-4
1-0: Bunt for hit to 5S - play at first, batter OUT! 5-3
Batting: RHB Sergio Romero 0-0: Ball
1-0: Ball
2-0: Called Strike
2-1: SINGLE (Line Drive, 9LS, EV 110.6 MPH)
Batting: RHB Anastasio Larreynaga 0-0: Fly out, F8 (Flyball, 8RM, EV 88.1 MPH)
Bottom of the 2nd over - 0 runs, 1 hit, 0 errors, 1 left on base; Jacksonville 0 - Buffalo 0
TOP OF THE 3RD
Jacksonville Jumbo Shrimp batting - Pitching for Buffalo Bisons : RHP Robbie Good
Batting: RHB Cristóbal Martínez 0-0: Called Strike
0-1: Ball
1-1: Swinging Strike
1-2: Ball
2-2: Strikes out swinging
Batting: SHB Jim Unknown 0-0: Called Strike
0-1: Ball
1-1: Called Strike
1-2: Foul Ball, location: 2F
1-2: Strikes out swinging
Batting: RHB Sean Davidson 0-0: Ball
1-0: Ground out 4-3 (Groundball, 4M, EV 106.3 MPH)
Top of the 3rd over - 0 runs, 0 hits, 0 errors, 0 left on base; Jacksonville 0 - Buffalo 0
BOTTOM OF THE 3RD
Buffalo Bisons batting - Pitching for Jacksonville Jumbo Shrimp : RHP Ken Richards
Batting: RHB Juan Vázquez 0-0: Ball
1-0: Foul Ball, location: 2F
1-1: Swinging Strike
1-2: Foul Ball, location: 2F
1-2: Strikes out swinging
Batting: LHB Jeremy Young 0-0: Ball
1-0: Called Strike
1-1: Ball
2-1: Foul Ball, location: 2F
2-2: SINGLE (Line Drive, 5D, EV 98.1 MPH)
Batting: RHB Doug Dixon 0-0: Ball
1-0: Ball
2-0: Grounds into double play, 5-4-3 (Groundball, 56, EV 100.0 MPH)
Bottom of the 3rd over - 0 runs, 1 hit, 0 errors, 0 left on base; Jacksonville 0 - Buffalo 0
TOP OF THE 4TH
Jacksonville Jumbo Shrimp batting - Pitching for Buffalo Bisons : RHP Robbie Good
Batting: LHB Jerry López 0-0: Ball
1-0: Swinging Strike
1-1: Ground out 4-3 (Groundball, 4, EV 85.0 MPH)
Batting: LHB Danny King 0-0: Ball
1-0: SINGLE (Groundball, 6MS, EV 70.0 MPH) (infield hit)
Batting: LHB Juan Novoa 0-0: Ball
1-0: Foul Ball, location: 2F
1-1: Swinging Strike
1-2: Ball
2-2: Foul Ball, location: 2F
2-2: Ball
3-2: Base on Balls
Danny King to second
Batting: RHB Kel Mearns 0-0: Ball
1-0: Called Strike
1-1: Ball
2-1: Ball
3-1: Base on Balls
Danny King to third
Juan Novoa to second
Batting: RHB Danny Crowley 0-0: Called Strike
0-1: Swinging Strike
0-2: Strikes out looking
Batting: RHB Doug Miller 0-0: Called Strike
0-1: Ball
1-1: Called Strike
1-2: Strikes out looking
Top of the 4th over - 0 runs, 1 hit, 0 errors, 3 left on base; Jacksonville 0 - Buffalo 0
BOTTOM OF THE 4TH
Buffalo Bisons batting - Pitching for Jacksonville Jumbo Shrimp : RHP Ken Richards
Batting: LHB Mike Deal 0-0: Fly out, F5 (Popup, 5SF, EV 77.5 MPH)
Batting: RHB José Valadez 0-0: Ball
1-0: Called Strike
1-1: Ball
2-1: Ball
3-1: Foul Ball, location: 2F
3-2: Base on Balls
Batting: SHB Dan Tutt 0-0: Ball
1-0: Ball
2-0: Ball
3-0: Called Strike
3-1: Grounds into double play, 6-4-3 (Groundball, 6, EV 106.9 MPH)
Bottom of the 4th over - 0 runs, 0 hits, 0 errors, 0 left on base; Jacksonville 0 - Buffalo 0
TOP OF THE 5TH
Jacksonville Jumbo Shrimp batting - Pitching for Buffalo Bisons : RHP Robbie Good
Batting: RHB Cristóbal Martínez 0-0: Ball
1-0: Ball
2-0: Foul Ball, location: 9LSF
2-1: Ball
3-1: Called Strike
3-2: Fly out, F8 (Line Drive, 8LM, EV 106.9 MPH)
Batting: SHB Jim Unknown 0-0: Ball
1-0: Ball
2-0: Ground out 6-3 (Groundball, 6MD, EV 101.3 MPH)
Batting: RHB Sean Davidson 0-0: Ball
1-0: Ball
2-0: Called Strike
2-1: Ground out 5-3 (Groundball, 5, EV 103.8 MPH)
Top of the 5th over - 0 runs, 0 hits, 0 errors, 0 left on base; Jacksonville 0 - Buffalo 0
BOTTOM OF THE 5TH
Buffalo Bisons batting - Pitching for Jacksonville Jumbo Shrimp : RHP Ken Richards
Batting: RHB Raúl Ramírez 0-0: Called Strike
0-1: Swinging Strike
0-2: Ball
1-2: Ball
2-2: Foul Ball, location: 2F
2-2: Foul Ball, location: 5FF
2-2: Ball
3-2: Foul Ball, location: 5F
3-2: Base on Balls
Batting: RHB Sergio Romero 0-0: Called Strike
Raúl Ramírez steals 2nd base
0-1: Called Strike
0-2: Ball
1-2: Fly out, F8 (Flyball, 8LS, EV 91.9 MPH)
Batting: RHB Anastasio Larreynaga 0-0: Fly out, F9 (Flyball, 9S, EV 90.0 MPH)
Batting: RHB Juan Vázquez 0-0: Ball
1-0: Foul Ball, location: 9LSF
1-1: Swinging Strike
1-2: Strikes out looking
Bottom of the 5th over - 0 runs, 0 hits, 0 errors, 1 left on base; Jacksonville 0 - Buffalo 0
TOP OF THE 6TH
Jacksonville Jumbo Shrimp batting - Pitching for Buffalo Bisons : RHP Robbie Good
Batting: LHB Jerry López 0-0: Called Strike
0-1: Foul Ball, location: 3SF
0-2: Ball
1-2: TRIPLE (Flyball, 89XD, EV 91.9 MPH)
Batting: LHB Danny King 0-0: Called Strike
0-1: Ball
1-1: Foul Ball, location: 7LMF
1-2: Foul Ball, location: 9LSF
1-2: Ball
2-2: Foul Ball, location: 2F
2-2: Strikes out swinging
Batting: LHB Juan Novoa 0-0: Ball
1-0: Called Strike
1-1: Ball
2-1: Foul Ball, location: 9LMF
2-2: Fly out, F8 (Flyball, 8LM, EV 88.8 MPH)
Runner from 3rd tags up, SCORES, throw by CF
Batting: RHB Kel Mearns 0-0: Ball
1-0: Foul Ball, location: 2F
1-1: Ground out 5-3 (Groundball, 56, EV 105.0 MPH)
Top of the 6th over - 1 run, 1 hit, 0 errors, 0 left on base; Jacksonville 1 - Buffalo 0
BOTTOM OF THE 6TH
Buffalo Bisons batting - Pitching for Jacksonville Jumbo Shrimp : RHP Ken Richards
Batting: LHB Jeremy Young 0-0: Ball
1-0: Foul Ball, location: 5FF
1-1: Swinging Strike
1-2: Fly out, F8 (Flyball, 8LD, EV 91.9 MPH)
Batting: RHB Doug Dixon 0-0: Ball
1-0: Foul Ball, location: 3DF
1-1: Ball
2-1: Ground out 6-3 (Groundball, 6M, EV 91.9 MPH)
Batting: LHB Mike Deal 0-0: DOUBLE (Groundball, 3L, EV 103.1 MPH)
Batting: RHB José Valadez 0-0: Foul Ball, location: 9LSF
0-1: Ball
1-1: Called Strike
1-2: Ball
2-2: Fly out, F8 (Flyball, 8RM, EV 91.3 MPH)
Bottom of the 6th over - 0 runs, 1 hit, 0 errors, 1 left on base; Jacksonville 1 - Buffalo 0
TOP OF THE 7TH
Jacksonville Jumbo Shrimp batting - Pitching for Buffalo Bisons : RHP Robbie Good
Batting: RHB Danny Crowley 0-0: Foul Ball, location: 9LDF
0-1: Foul Ball, location: 3F
0-2: Ball
1-2: Ball
2-2: Ball
3-2: Base on Balls
Pitching: RHP Raúl Guardado
Batting: RHB Doug Miller 0-0: Bunt missed!
0-1: Ball
1-1: Sac Bunt to 2L - play at first, batter OUT! 2-3
Danny Crowley to second
Batting: RHB Cristóbal Martínez 0-0: Intentional Walk
Batting: SHB Jim Unknown 0-0: Called Strike
0-1: Called Strike
0-2: Foul Ball, location: 2F
0-2: Ground out U3 (Groundball, 34S, EV 87.5 MPH)
Danny Crowley to third
Cristóbal Martínez to second
Batting: RHB Sean Davidson 0-0: Called Strike
0-1: Ground out 6-3 (Groundball, 6, EV 82.5 MPH)
Top of the 7th over - 0 runs, 0 hits, 0 errors, 2 left on base; Jacksonville 1 - Buffalo 0
BOTTOM OF THE 7TH
Buffalo Bisons batting - Pitching for Jacksonville Jumbo Shrimp : RHP Ken Richards
Batting: SHB Dan Tutt 0-0: Swinging Strike
0-1: Ball
1-1: Called Strike
1-2: Ball
2-2: Foul Ball, location: 2F
2-2: Fly out, F7 (Flyball, 7, EV 78.8 MPH)
Batting: RHB Raúl Ramírez 0-0: Ball
1-0: Ground out 5-3 (Groundball, 56S, EV 76.3 MPH)
Batting: RHB Sergio Romero 0-0: Ground out 6-3 (Groundball, 6, EV 88.1 MPH)
Bottom of the 7th over - 0 runs, 0 hits, 0 errors, 0 left on base; Jacksonville 1 - Buffalo 0
TOP OF THE 8TH
Jacksonville Jumbo Shrimp batting - Pitching for Buffalo Bisons : RHP Raúl Guardado
Batting: LHB Jerry López 0-0: Fly out, F9 (Flyball, 9LM, EV 97.5 MPH)
Batting: LHB Danny King 0-0: Foul Ball, location: 3FF
0-1: Swinging Strike
0-2: Ball
1-2: Ball
2-2: Foul Ball, location: 2F
2-2: Ball
3-2: Base on Balls
Batting: LHB Juan Novoa 0-0: Ball
Danny King steals 2nd base
1-0: Foul Ball, location: 7LDF
1-1: Foul Ball, location: 5FF
1-2: SINGLE (Groundball, 6M, EV 86.9 MPH) (infield hit)
Danny King to third
Batting: RHB Kel Mearns 0-0: Ball
1-0: SINGLE (Line Drive, 4D, EV 107.5 MPH)
Danny King scores
Juan Novoa to second
Batting: LHB Roger Lenoir 0-0: Called Strike
0-1: Foul Ball, location: 7LSF
0-2: Strikes out swinging
Batting: RHB Doug Miller 0-0: Called Strike
0-1: Swinging Strike
0-2: Ball
1-2: Strikes out swinging
Top of the 8th over - 1 run, 2 hits, 0 errors, 2 left on base; Jacksonville 2 - Buffalo 0
BOTTOM OF THE 8TH
Buffalo Bisons batting - Pitching for Jacksonville Jumbo Shrimp : RHP Ken Richards
Pitching: RHP Edgar Méndez
Batting: RHB Anastasio Larreynaga 0-0: Ball
1-0: Swinging Strike
1-1: Foul Ball, location: 9LSF
1-2: Ball
2-2: Strikes out swinging
Pinch Hitting: SHB Eustachio Tucci 0-0: Ground out 5-3 (Groundball, 56, EV 85.0 MPH)
Batting: LHB Jeremy Young 0-0: Ball
1-0: Swinging Strike
1-1: Called Strike
1-2: Ball
2-2: Strikes out swinging
Bottom of the 8th over - 0 runs, 0 hits, 0 errors, 0 left on base; Jacksonville 2 - Buffalo 0
TOP OF THE 9TH
Jacksonville Jumbo Shrimp batting - Pitching for Buffalo Bisons : RHP Raúl Guardado
Now at 3B: Jorge Gutiérrez
Now at SS: José Valadez
Batting: RHB Cristóbal Martínez 0-0: Ball
1-0: Ground out 6-3 (Groundball, 6M, EV 105.6 MPH)
Batting: SHB Jim Unknown 0-0: Ball
1-0: Ball
2-0: Called Strike
2-1: Ground out 1-3 (Groundball, 15S, EV 73.1 MPH)
Batting: RHB Sean Davidson 0-0: Ball
1-0: Swinging Strike
1-1: Foul Ball, location: 25F
1-2: Foul Ball, location: 3FF
1-2: Foul Ball, location: 2F
1-2: Foul Ball, location: 3F
1-2: Ball
2-2: Ground out 3-1 (Groundball, 34S, EV 84.4 MPH)
Top of the 9th over - 0 runs, 0 hits, 0 errors, 0 left on base; Jacksonville 2 - Buffalo 0
BOTTOM OF THE 9TH
Buffalo Bisons batting - Pitching for Jacksonville Jumbo Shrimp : RHP Edgar Méndez
Pitching: RHP Dan Morrow
Now in LF: Augusto García
Batting: RHB Doug Dixon 0-0: Called Strike
0-1: Called Strike
0-2: SINGLE (Line Drive, 89M, EV 110.0 MPH)
Batting: LHB Mike Deal 0-0: Swinging Strike
0-1: Swinging Strike
0-2: Ball
1-2: Ball
2-2: Foul Ball, location: 2F
2-2: Strikes out swinging
Batting: RHB José Valadez 0-0: Ball
1-0: Called Strike
1-1: Ball
2-1: Ball
3-1: Base on Balls
Doug Dixon to second
Batting: SHB Dan Tutt 0-0: Ball
1-0: Ball
2-0: Called Strike
2-1: Swinging Strike
2-2: Fly out, F7 (Flyball, 7LSF, EV 87.5 MPH)
Batting: RHB Raúl Ramírez 0-0: Fielders Choice at 2nd, 5-4 (Groundball, 56, EV 76.9 MPH)
Bottom of the 9th over - 0 runs, 1 hit, 0 errors, 2 left on base; Jacksonville 2 - Buffalo 0
Monday, April 1st , 2024 - OOTP Baseball 24.10 Build 82